AoeStats
← Tu padre

Black Forest

510463723Analyzed
2v2 RM · 11h ago on Oct 1, 2026· 62m 31s· 4 players
Game mode
Random Map
Map size
Medium (4 player)
Population
200
Speed
Normal
Resources
Standard
Victory
Conquest
Starting age
Dark Age
Ending age
Imperial Age
RankedLock teamsTeams togetherTeam positionsShared explorationLock speedFull tech treeHidden civsTurbo modeCheats
Victory
Defeat
🇺🇸 Mongols · United States
760
+16
🇺🇸 Mongols · United States
760
+16
🇲🇽 Bohemians · Mexico
770
-16
🇲🇽 Ethiopians · Mexico
752
-16
killertony74
1:14 Loom
12:10 Feudal Age
16:40 Castle Age
15:23 Stone Mining
24:57 Caravan
26:51 Horse Collar
27:14 Double-Bit Axe
29:44 Heavy Plow
30:49 Stone Shaft Mining
30:13 Gold Mining
31:36 Town Watch
32:26 Wheelbarrow
32:22 Bow Saw
32:19 Town Patrol
32:50 Ballistics
35:14 Imperial Age
33:09 Padded Archer Armor
33:00 Fletching
33:21 Forging
33:11 Scale Mail Armor
33:19 Scale Barding Armor
34:33 Leather Archer Armor
34:15 Bodkin Arrow
34:39 Hand Cart
34:28 Murder Holes
34:43 Fortified Wall
34:46 Masonry
34:48 Husbandry
35:35 Gold Shaft Mining
35:25 Bloodlines
34:39 Light Cavalry
36:47 Iron Casting
36:28 Chain Mail Armor
36:38 Conscription
37:05 Drill
36:45 Nomads
36:16 Sappers
37:17 Chain Barding Armor
36:36 Hussar
37:33 Elite Mangudai
40:20 Bracer
41:20 Blast Furnace
40:57 Plate Mail Armor
42:11 Hoardings
42:38 Chemistry
41:29 Guard Tower
42:12 Siege Engineers
42:52 Onager
43:55 Thumb Ring
44:29 Siege Onager
46:44 Parthian Tactics
CougarHuntin
0:33 Loom
11:43 Feudal Age
13:06 Double-Bit Axe
13:06 Horse Collar
14:12 Stone Mining
17:59 Castle Age
18:55 Wheelbarrow
21:34 Bow Saw
23:55 Hand Cart
27:37 Stone Shaft Mining
26:53 Gold Mining
27:00 Gold Mining
28:54 Fletching
29:04 Padded Archer Armor
31:53 Gold Shaft Mining
36:27 Imperial Age
34:22 Ballistics
34:12 Fortified Wall
33:58 Murder Holes
34:13 Masonry
34:15 Thumb Ring
35:10 Bloodlines
34:23 Light Cavalry
35:09 Husbandry
35:38 Caravan
35:54 Forging
35:50 Scale Barding Armor
35:40 Bodkin Arrow
36:00 Leather Archer Armor
35:34 Town Watch
39:13 Town Patrol
40:17 Chemistry
38:40 Hussar
38:42 Elite Mangudai
40:06 Conscription
42:00 Iron Casting
42:00 Chain Barding Armor
41:41 Bracer
42:52 Drill
43:01 Parthian Tactics
43:44 Blast Furnace
45:07 Siege Engineers
45:53 Hoardings
45:50 Scale Mail Armor
Tu padre
0:41 Loom
15:14 Feudal Age
22:29 Castle Age
20:32 Fishing Lines
21:15 Double-Bit Axe
24:36 Bow Saw
32:17 Wheelbarrow
31:28 Town Watch
31:46 Gold Mining
31:49 Stone Mining
33:28 Hand Cart
33:15 Town Patrol
33:17 Fletching
33:28 Padded Archer Armor
34:31 Caravan
36:20 Gold Shaft Mining
36:23 Stone Shaft Mining
35:33 Horse Collar
39:43 Imperial Age
39:51 Bodkin Arrow
40:12 Leather Archer Armor
40:10 Masonry
40:12 Fortified Wall
39:58 Murder Holes
39:28 Elite Skirmisher
40:14 Thumb Ring
42:11 Two-Man Saw
41:15 Heavy Plow
41:28 Bracer
42:01 Ring Archer Armor
44:09 Forging
44:00 Scale Mail Armor
44:06 Scale Barding Armor
44:12 Siege Engineers
43:58 Heated Shot
44:30 Ballistics
44:52 Architecture
44:14 Guard Tower
45:26 Chemistry
45:17 Heavy Camel Rider
45:20 Light Cavalry
46:44 Iron Casting
46:21 Royal Heirs
46:23 Torsion Engines
46:34 Gillnets
47:05 Elite Shotel Warrior
47:17 Sappers
48:08 Conscription
47:51 Onager
49:54 Coinage
49:35 Guilds
49:12 Halberdier
51:01 Blast Furnace
50:23 Chain Barding Armor
50:19 Chain Mail Armor
50:26 Hussar
53:40 Banking
54:41 Plate Mail Armor
54:50 Keep
56:00 Cavalier
56:41 Husbandry
56:24 Man-at-Arms
57:05 Squires
56:51 Arson
56:30 Siege Onager
56:34 Heavy Scorpion
56:35 Capped Ram
58:15 Long Swordsman
dragonbanshe1
0:33 Loom
14:20 Feudal Age
18:16 Castle Age
16:21 Double-Bit Axe
17:47 Fishing Lines
19:37 Caravan
22:19 Bow Saw
24:06 Wheelbarrow
24:25 Wheelbarrow
24:50 Horse Collar
28:12 Chemistry
28:49 Gillnets
30:45 Hand Cart
34:21 Imperial Age
32:27 Heavy Plow
35:16 Ballistics
34:47 Town Watch
35:20 Pikeman
36:03 Squires
37:39 Masonry
37:35 Siege Engineers
39:22 Two-Man Saw
39:14 Town Patrol
39:42 Conscription
39:29 Wagenburg Tactics
38:45 Elite Hussite Wagon
38:51 Halberdier
39:38 Padded Archer Armor
40:49 Leather Archer Armor
40:47 Forging
40:32 Fletching
40:07 Elite Skirmisher
40:13 Houfnice
40:42 Arson
41:09 Hussite Reforms
43:00 Iron Casting
42:57 Ring Archer Armor
42:24 Bodkin Arrow
42:36 Scale Mail Armor
43:40 Fervor
43:59 Heresy
46:11 Architecture
45:52 Fortified Wall
46:45 Blast Furnace
46:02 Chain Mail Armor
45:50 Bracer
48:15 Plate Mail Armor
54:00 Onager
Connection lost

Rejoining the realm…

Still unreachable

The connection could not be restored.

Session expired

The server has moved on; the page needs a fresh start.